 Dungeon Crawl Stone Soup version 0.20.1-1-g8b1a95d (webtiles) character file.

145 Crag the Skirmisher (level 5, 0/70 HPs)
             Began as a Minotaur Fighter on Sept 16, 2017.
             Succumbed to Sigmund's poison
             ... on level 2 of the Dungeon.
             The game lasted 00:05:20 (2021 turns).

Crag the Skirmisher (Minotaur Fighter)              Turns: 2021, Time: 00:05:21

Health: 0/70       AC: 22    Str: 20    XL:     5   Next: 6%
Magic:  4/4        EV:  2    Int:  5    God:
Gold:   72         SH:  9    Dex: 11    Spells: 4/4 levels left

rFire    . . .     SeeInvis .     - Unarmed
rCold    . . .     Gourm    .   b - +0 shield
rNeg     + + +     Faith    .   (armour currently unavailable)
rPois    +         Spirit   .   (helmet currently unavailable)
rElec    .         Reflect  .   (cloak currently unavailable)
rCorr    .         Harm     .   (gloves currently unavailable)
MR       .....     NoTele   +   (boots currently unavailable)
Stlth    +.........             (no amulet)
Regen    0.3/turn               (no ring)
MPRegen  0.1/turn               (no ring)

@: lethally poisoned (0 -> -33), tree-form, heavily drained
A: (retaliatory headbutt)
a: no special abilities


You were on level 2 of the Dungeon.
You were hungry.
You were a tree.
You visited 1 branch of the dungeon, and saw 2 of its levels.

You collected 72 gold pieces.

Inventory:

Missiles
 k - 7 javelins (quivered)
Armour
 a - a +0 scale mail (melded)
 b - a +0 shield (worn)
 n - a +0 cloak (melded)
Jewellery
 p - an uncursed amulet of harm
Scrolls
 i - 3 scrolls of identify
 j - a scroll of random uselessness {unknown}
 m - 3 scrolls of teleportation {unknown}
Potions
 c - a potion of might
 f - a potion of heal wounds {unknown}
 h - a potion of berserk rage {unknown}
 l - a potion of ambrosia {unknown}
Books
 o - a book of Cantrips

   Spells                             Type                      Level
   a - Confusing Touch                Hexes                        1
   b - Animate Skeleton               Necromancy                   1
   c - Summon Small Mammal            Summoning                    1
   d - Apportation                    Translocation                1
Comestibles
 d - 3 bread rations


   Skills:
 + Level 4.4(2.8) Fighting
 + Level 4.2(2.5) Armour
 + Level 1.5(0.0) Dodging
 + Level 4.4(2.8) Shields
 * Level 3.8(2.2) Unarmed Combat


You had 4 spell levels left.
You didn't know any spells.

Dungeon Overview and Level Annotations

Branches:
Dungeon (2/15)

Altars:

Annotations:
D:2 Sigmund


Innate Abilities, Weirdness & Mutations

((You reflexively headbutt those who attack you in melee.))
((You have a pair of horns on your head.))


Message History

* * * LOW HITPOINT WARNING * * *
You are more poisoned.
You miss something. You headbutt something!
* * * LOW HITPOINT WARNING * * *
You feel very sick. Something hits you.
* * * LOW HITPOINT WARNING * * *
You are more poisoned.
You barely miss something.
* * * LOW HITPOINT WARNING * * *
You feel very sick.
You turn into a tree.
Your +0 cloak melds into your body.
Your +0 scale mail melds into your body.
Your roots penetrate the ground.
* * * LOW HITPOINT WARNING * * *
You feel very sick. You block something's attack.
Unknown command.
You completely miss something.
You die...

#### ## .... .# ### .... .#
#.######## ....
.########.#......##### ....
.##.......#..........## ....
.+..#...........♣.#...#######....
.####.###.##.<#.{.....##...)'....
#.................##.....####....
#.###.#####....###....#..# ....
#.#..............#.##....# ....
#.#.#..#.#######.#.##.##.# ###.
#.#.#....#.......#.......##### #
..#.#.###.....####..####.....#
....#..##..##.#.....########.#


There were no monsters in sight!

Vanquished Creatures
  Crazy Yiuf (D:2)
  Jessica (D:1)
  3 adders
  An ooze (D:2)
  A worm (D:2)
  A dart slug (D:1)
  4 leopard geckos (D:1)
  A ball python (D:2)
  A bat (D:1)
  A giant cockroach (D:2)
  2 goblins
  7 hobgoblins
  7 jackals (D:1)
  A quokka (D:1)
  12 frilled lizards
  7 kobolds
  3 rats
54 creatures vanquished.

Notes
Turn   | Place    | Note
-------+----------+-------------------------------------------
     0 | D:1      | Crag the Minotaur Fighter began the quest for the Orb.
     0 | D:1      | Reached XP level 1. HP: 19/19 MP: 0/0
   471 | D:1      | Reached XP level 2. HP: 27/27 MP: 1/1
   884 | D:1      | Reached XP level 3. HP: 33/33 MP: 2/2
  1002 | D:2      | Noticed Jessica
  1010 | D:1      | Killed Jessica
  1010 | D:1      | Reached skill level 1 in Dodging
  1118 | D:1      | Reached XP level 4. HP: 30/40 MP: 3/3
  1513 | D:2      | Found a runed door.
  1517 | D:2      | Noticed Crazy Yiuf
  1523 | D:2      | Killed Crazy Yiuf
  1960 | D:2      | Noticed Sigmund
  1988 | D:1      | Reached XP level 5. HP: 47/47 MP: 4/4
  2020 | D:2      | HP: 3/70 [poisoned by Sigmund]
  2021 | D:2      | Succumbed to Sigmund's poison

Skill      XL: |  1  2  3 |
---------------+----------+-----
Fighting       | 4 |  4.4
Shields        | 4 |  4.4
Dodging        | 1 |  1.5
Unarmed Combat | 3 |  3.8
Armour         | 4 |  4.2

Action                   |  1- 3 |  4- 6 || total
-------------------------+-------+-------++-------
Melee: Unarmed           |    99 |    63 ||   162
       Headbutt          |    10 |     9 ||    19
  Use: Scroll            |     3 |       ||     3
       Potion            |       |     1 ||     1
  Eat: Chunk             |     1 |     2 ||     3
Armor: Scale mail        |    44 |    15 ||    59
Dodge: Dodged            |    43 |    13 ||    56
Block: Shield            |    71 |    23 ||    94
